 Dungeon Crawl Stone Soup version 0.21.1-1-g345015fe64 (webtiles) character file.

575 Htamos the Thaumaturge (level 7, 0/36 HPs)
             Began as a Deep Elf Wizard on July 13, 2018.
             Was an Initiate of Vehumet.
             Slain by an ogre
             ... wielding a +0 giant club
              (21 damage)
             ... on level 5 of the Dungeon.
             The game lasted 00:11:40 (4803 turns).

Htamos the Thaumaturge (Deep Elf Wizard)            Turns: 4803, Time: 00:11:41

Health: 0/36       AC:  4    Str:  4    XL:     7   Next: 12%
Magic:  18/23      EV: 13    Int: 25    God:    Vehumet [......]
Gold:   274        SH:  0    Dex: 13    Spells: 26/27 levels left

rFire    + . .     SeeInvis +   o - +4 rapier
rCold    x . .     Gourm    .   (no shield)
rNeg     . . .     Faith    .   a - +0 robe
rPois    .         Spirit   .   A - +1 helmet
rElec    .         Reflect  .   (no cloak)
rCorr    .         Harm     .   (no gloves)
MR       .....                  (no boots)
Stlth    ++........             r - amulet of magic regeneration
HPRegen  0.12/turn              n - ring of fire
MPRegen  0.43/turn              q - ring of see invisible

@: no status effects
A: no striking features
a: Renounce Religion


You were on level 5 of the Dungeon.
You worshipped Vehumet.
Vehumet was noncommittal.
You were very hungry.

You visited 2 branches of the dungeon, and saw 6 of its levels.

You collected 274 gold pieces.

Inventory:

Hand Weapons
 f - a +2 hunting sling
 o - a +4 rapier (weapon)
 p - a +2 vampiric spear
Missiles
 e - 70 arrows
 k - 52 stones (quivered)
 t - 18 poisoned needles
Armour
 a - a +0 robe (worn)
 b - a +0 hat
 l - a +0 leather armour
 A - a +1 helmet (worn)
Jewellery
 g - an uncursed amulet of rage
 n - a ring of fire (left hand)
 q - a ring of see invisible (right hand)
 r - an amulet of magic regeneration (around neck)
 u - a +5 ring of dexterity {unknown}
Scrolls
 h - 2 scrolls of remove curse
 j - a scroll of fear
 y - a scroll of enchant armour {unknown}
Potions
 i - 2 potions of resistance
 m - 3 potions of curing {unknown}
 s - 2 potions of brilliance {unknown}
 v - 2 potions of lignification {unknown}
 w - 2 potions of mutation {unknown}
 x - 2 potions of agility {unknown}
 z - a potion of flight {unknown}
 C - a potion of cancellation {unknown}
Books
 c - a book of Minor Magic

   Spells                             Type                      Level
   a - Magic Dart                     Conjuration                  1
   b - Blink                          Translocation                2
   c - Call Imp                       Summoning                    2
   d - Slow                           Hexes                        2
   e - Conjure Flame                  Conjuration/Fire             3
   f - Mephitic Cloud                 Conjuration/Poison/Air       3
Comestibles
 d - 5 rations


   Skills:
 - Level 2.4 Dodging
 - Level 2.4 Stealth
 + Level 10.8 Spellcasting
 - Level 1.1 Conjurations
   Level 1.1 Summonings
   Level 1.1 Translocations


You had 26 spell levels left.
You knew the following spells:

 Your Spells              Type           Power        Failure   Level  Hunger
a - Magic Dart            Conj           ###.         3%          1    None


Dungeon Overview and Level Annotations

Branches:
Dungeon (5/15)             Temple (1/1) D:4

Altars:
Cheibriados
Dithmenos
Elyvilon
Fedhas
Hepliaklqana
Kikubaaqudgha
Makhleb
Okawaru
Qazlal
Sif Muna
Trog
Vehumet
Xom


Message History

The magic dart hits the ogre.
The ogre is severely wounded.
The ogre barely misses you.
Casting: Magic Dart
Confirm with . or Enter, or press ? or * to list all spells.
Aiming: Magic Dart
Press: ? - help, Shift-Dir - straight line, f/p - ogre
Aim: an ogre, wielding a giant club (severely wounded)
The magic dart hits the ogre.
The ogre is severely wounded.
Casting: Magic Dart
Confirm with . or Enter, or press ? or * to list all spells.
Aiming: Magic Dart
Press: ? - help, Shift-Dir - straight line, f/p - ogre
Aim: an ogre, wielding a giant club (severely wounded)
The magic dart hits the ogre.
The ogre is severely wounded.
The ogre hits you with a giant club!!
Ouch! That really hurt!
You die...

#.#.# #.. #.#.# #..
#.#.#######.# #.#
###.#........###..#
#.........###.#.#
###.#######.# #..##
..#.## #.# #...# #
...).#
#.####O#.##.##
[....#
#.....@._....#
.....#
#.##...#.#.#....
....##
#.#.###..#.=. ..
###.# #... #.....##
# #... .....
#.##### # #[###
####.# ..# .. .#
#.# .#.# #.# #.
...# #>.. .. . ..#


You could see an ogre.

Vanquished Creatures
  Sigmund (D:4)
  A phantom (D:4)
  A jelly (D:3)
  A centaur skeleton (D:4)
  A hound (D:3)
  An iguana (D:3)
  A worker ant (D:4)
  A hound skeleton (D:4)
  3 gnolls (D:4)
  2 howler monkey skeletons (D:4)
  3 adders (D:2)
  An adder zombie (D:5)
  3 worms (D:2)
  4 dart slugs
  2 leopard geckos
  9 orcs
  6 giant cockroaches
  6 goblins
  9 hobgoblins
  2 jackals
  A ball python (D:1)
  A ball python skeleton (D:4)
  14 bats
  7 frilled lizards
  8 kobolds
  4 rats
93 creatures vanquished.

Vanquished Creatures (others)
  A leopard gecko (D:4)
  2 giant cockroaches (D:4)
  A frilled lizard (D:4)
4 creatures vanquished.

Grand Total: 97 creatures vanquished

Notes
Turn   | Place    | Note
-------+----------+-------------------------------------------
     0 | D:1      | Htamos the Deep Elf Wizard began the quest for the Orb.
     0 | D:1      | Reached XP level 1. HP: 10/10 MP: 7/7
   259 | D:1      | Reached skill level 5 in Spellcasting
   286 | D:1      | Reached XP level 2. HP: 15/15 MP: 6/10
   970 | D:1      | Reached XP level 3. HP: 19/19 MP: 9/12
   993 | D:1      | Reached skill level 6 in Spellcasting
  1228 | D:2      | Found a blossoming altar of Fedhas.
  1525 | D:2      | Found a bloodstained altar of Trog.
  1555 | D:2      | Reached XP level 4. HP: 24/24 MP: 11/14
  1990 | D:2      | Reached skill level 7 in Spellcasting
  2198 | D:3      | Found a burning altar of Makhleb.
  2693 | D:3      | Reached XP level 5. HP: 28/28 MP: 9/17
  2851 | D:3      | Found an ancient bone altar of Kikubaaqudgha.
  2994 | D:3      | Reached skill level 8 in Spellcasting
  3230 | D:4      | Found a staircase to the Ecumenical Temple.
  3286 | Temple   | Entered the Ecumenical Temple
  3397 | Temple   | Became a worshipper of Vehumet
  3533 | D:4      | Found a shimmering altar of Xom.
  3621 | D:4      | Reached skill level 9 in Spellcasting
  3904 | D:4      | Noticed Sigmund
  4023 | D:4      | Killed Sigmund
  4023 | D:4      | Reached skill level 10 in Spellcasting
  4023 | D:4      | Reached XP level 6. HP: 14/32 MP: 11/21
  4276 | D:4      | Reached XP level 7. HP: 18/36 MP: 16/23
  4709 | D:5      | Entered Level 5 of the Dungeon
  4773 | D:5      | Found a deep blue altar of Sif Muna.
  4803 | D:5      | Slain by an ogre

Skill      XL: |  1  2  3  4  5 |
---------------+----------------+-----
Spellcasting   | 5 6 7 10 | 10.8
Dodging        | |  2.4
Stealth        | |  2.4
Conjurations   | |  1.1
Summonings     | |  1.1
Translocations | |  1.1

Action                   |  1- 3 |  4- 6 |  7- 9 || total
-------------------------+-------+-------+-------++-------
Melee: Unarmed           |       |     2 |       ||     2
       Rapier            |       |     1 |       ||     1
 Fire: Hunting sling     |       |    10 |       ||    10
 Cast: Magic Dart        |   100 |   231 |    36 ||   367
  Use: Scroll            |     3 |     9 |       ||    12
       Potion            |       |     2 |       ||     2
  Eat: Chunk             |     2 |     5 |       ||     7
       Ration            |       |     1 |       ||     1
Armor: Robe              |     6 |     5 |     1 ||    12
Dodge: Dodged            |    16 |    54 |     6 ||    76
